 Dungeon Crawl Stone Soup version 0.23.2 (webtiles) character file.

Game seed: 8593056748925681388

32 teukkam the Shield-Bearer (level 3, 0/33 HPs)
             Began as a Minotaur Fighter on Apr 10, 2019.
             Was a Follower of Uskayaw.
             Succumbed to a water moccasin's poison
             ... on level 2 of the Dungeon.
             The game lasted 00:04:11 (1131 turns).

teukkam the Shield-Bearer (Minotaur Fighter)        Turns: 1131, Time: 00:04:11

Health: 0/33       AC:  9    Str: 26    XL:     3   Next: 8%
Magic:  2/2        EV:  7    Int:  5    God:    Uskayaw [*.....]
Gold:   106        SH: 10    Dex:  9    Spells: 2/2 levels left

rFire    . . .     SeeInvis .   a - +0 war axe
rCold    . . .     Gourm    .   c - +0 shield
rNeg     . . .     Faith    .   b - +0 scale mail
rPois    +         Spirit   .   (helmet restricted)
rElec    .         Reflect  .   o - +1 cloak
rCorr    .         Harm     .   (no gloves)
MR       .....                  (no boots)
Stlth    ..........             (no amulet)
HPRegen  0.11/turn              l - ring of poison resistance
MPRegen  0.08/turn              (no ring)

@: mighty, lethally poisoned (0 -> -7)
A: retaliatory headbutt, horns 2
a: Stomp, Renounce Religion


You were on level 2 of the Dungeon.
You worshipped Uskayaw.
Uskayaw was noncommittal.
You were not hungry.

You visited 1 branch of the dungeon, and saw 2 of its levels.

You collected 106 gold pieces.

Inventory:

Hand Weapons
 a - a +0 war axe (weapon)
Missiles
 n - 15 poisoned needles
Armour
 b - a +0 scale mail (worn)
 c - a +0 shield (worn)
 o - a +1 cloak (worn)
Jewellery
 l - a ring of poison resistance (left hand)
Scrolls
 h - 2 scrolls of remove curse {unknown}
 i - 3 scrolls of identify {unknown}
 m - a scroll of teleportation {unknown}
Potions
 k - a potion of resistance {unknown}
 p - a potion of ambrosia {unknown}
Comestibles
 f - 5 rations
 g - 2 chunks of flesh


   Skills:
 + Level 4.0 Fighting
 + Level 2.9 Axes
 + Level 4.0 Armour
 + Level 4.1 Shields
 + Level 0.4 Invocations


You had 2 spell levels left.
You didn't know any spells.
Your spell library was empty.

Dungeon Overview and Level Annotations

Branches:
Dungeon (2/15)

Altars:
Elyvilon
Uskayaw


Innate Abilities, Weirdness & Mutations

You reflexively headbutt those who attack you in melee.
You have a pair of horns on your head.


Message History

The water moccasin barely misses you.
The water moccasin bites you but does no damage.
You feel very mighty all of a sudden. You block the water moccasin's attack.
The water moccasin bites you.
* * * LOW HITPOINT WARNING * * *
You miss the water moccasin.
The water moccasin is lightly wounded.
The water moccasin bites you.
* * * LOW HITPOINT WARNING * * *
You are lethally poisoned!
The water moccasin poisons you!
The water moccasin bites you but does no damage.
You barely miss the water moccasin.
The water moccasin is lightly wounded.
* * * LOW HITPOINT WARNING * * *
You feel sick. The water moccasin bites you.
* * * LOW HITPOINT WARNING * * *
You miss the water moccasin.
The water moccasin is lightly wounded.
You die...

##..#..# #..## #.....#
##..# ### ##.#######
##...###.. #.#......#
#..#..#..# ###.#####.#
#.###...## ##...###...##
#..#..#..# #..#..#..#..#
#....###.( #.###..S###.#
#.#.#####. .....#..#@.#..#
#.........
##.#....##....###..#..#..#
#....... ).......###...##
##....## ...####..#..#..#
#..#.. .#$.# #.....##..
#.### ###.....#.#...รท.
#..#. .#...## #.####.#
...### #.# #.# #.# #..


You could see a water moccasin.

Vanquished Creatures
  2 worms (D:2)
  2 dart slugs (D:1)
  A giant cockroach (D:2)
  3 goblins (D:1)
  2 hobgoblins (D:1)
  A quokka (D:2)
  A ball python (D:2)
  5 bats
  2 frilled lizards
  2 kobolds
  3 rats
24 creatures vanquished.

Vanquished Creatures (others)
  A bat (D:2)
1 creature vanquished.

Grand Total: 25 creatures vanquished

Notes
Turn   | Place    | Note
-------+----------+-------------------------------------------
     0 | D:1      | teukkam the Minotaur Fighter began the quest for the Orb.
     0 | D:1      | Reached XP level 1. HP: 19/19 MP: 0/0
   406 | D:1      | Reached XP level 2. HP: 26/27 MP: 1/1
   510 | D:2      | Found a white marble altar of Elyvilon.
   529 | D:2      | Became a worshipper of Elyvilon the Healer
  1039 | D:2      | Reached XP level 3. HP: 33/33 MP: 2/2
  1096 | D:2      | Reached * piety under Elyvilon
  1097 | D:2      | Found a faded altar of an unknown god.
  1112 | D:2      | Fell from the grace of Elyvilon
  1112 | D:2      | Became a worshipper of Uskayaw the Reveler
  1112 | D:2      | Reached * piety under Uskayaw
  1119 | D:2      | Noticed a water moccasin
  1130 | D:2      | HP: 1/33 [water moccasin (2)]
  1131 | D:2      | Succumbed to a water moccasin's poison

Skill      XL: |  1  2 |
---------------+-------+-----
Shields        | 4 |  4.1
Fighting       | 4 |  4.0
Armour         | 4 |  4.0
Axes           | |  2.9
Invocations    | |  0.4

Action                   || total
-------------------------++-------
Melee: War axe           ||    63
       Headbutt          ||     7
  Use: Potion            ||     3
  Eat: Chunk             ||     1
Armor: Scale mail        ||    30
Dodge: Dodged            ||    26
Block: Shield            ||    34
